 Dungeon Crawl Stone Soup version 0.25-a0-589-g1e14c549ee (webtiles) character file.

Game seed: 1040855962887006222, levelgen mode: deterministic

42 Mobile the Skirmisher (level 3, 0/26 HPs)
             Began as an Octopode Wizard on Mar 12, 2020.
             Slain by a ball python (1 damage)
             ... on level 2 of the Dungeon.
             The game lasted 00:03:35 (1697 turns).

Mobile the Skirmisher (Octopode Wizard)             Turns: 1697, Time: 00:03:36

Health: 0/26       AC:  1    Str:  6    XL:     3   Next: 56%
Magic:  7/7        EV: 10    Int: 20    God:
Gold:   37         SH:  0    Dex: 11    Spells: 7/8 levels left

rFire    . . .     SeeInvis .   f - +0 club
rCold    . . .     Gourm    .   (no shield)
rNeg     . . .     Faith    .   a - +0 hat
rPois    .         Spirit   .   (no amulet)
rElec    .         Reflect  .   n - ring of resist corrosion
rCorr    +         Harm     .   (no ring)
MR       .....                  (no ring)
Stlth    +++.......             (no ring)
HPRegen  0.08/turn              (no ring)
MPRegen  0.10/turn              (no ring)
                                (no ring)
                                (no ring)

@: constricted
A: almost no armour, stealthy swim, amphibious, 8 rings, constrict 8, camouflage
1, gelatinous body 1
a: no special abilities


You were on level 2 of the Dungeon.
You were hungry.

You visited 1 branch of the dungeon, and saw 2 of its levels.

You collected 37 gold pieces.

Inventory:

Hand Weapons
 f - a +0 club (weapon)
 g - a +0 dagger
Armour
 a - a +0 hat (worn)
Jewellery
 n - a ring of resist corrosion (left tentacle)
Scrolls
 b - 3 scrolls of enchant armour {unknown}
 e - 2 scrolls of enchant weapon {unknown}
 j - 2 scrolls of teleportation {unknown}
 l - a scroll of identify {unknown}
 o - a scroll of fog {unknown}
 p - a scroll of remove curse {unknown}
Potions
 d - a potion of magic
 h - 2 potions of lignification
 i - a potion of haste {unknown}
 k - a potion of curing {unknown}
 m - a potion of heal wounds {unknown}
Comestibles
 c - 2 rations


   Skills:
 + Level 3.1 Fighting
 - Level 2.0 Dodging
 - Level 2.6 Stealth
 - Level 3.0 Spellcasting
 - Level 1.0 Conjurations
   Level 1.0 Summonings
   Level 1.0 Translocations


You had 7 spell levels left.
You knew the following spells:

 Your Spells              Type           Power        Failure   Level  Hunger
a - Magic Dart            Conj           #...         10%         1    None

Your spell library contained the following spells:

 Spells                   Type           Power        Failure   Level  Hunger
 Blink                    Tloc           N/A          14%         2    ##.....
 Call Imp                 Summ           #.......     14%         2    ##.....
 Slow                     Hex            #.......     22%         2    ##.....
 Conjure Flame            Conj/Fire      #.......     34%         3    ###....
 Mephitic Cloud           Conj/Pois/Air  #.......     36%         3    ###....


Dungeon Overview and Level Annotations

Branches:
Dungeon (2/15)

Altars:


Innate Abilities, Weirdness & Mutations

You cannot wear most types of armour.
You are very stealthy in the water. (Stealth+)
You are amphibious.
You can wear up to eight rings at the same time.
You can use your tentacles to constrict eight enemies at once.
Your skin changes colour to match your surroundings (Stealth+).
Your rubbery body absorbs attacks. (AC +1, EV +1)


Message History

You start resting.
You are feeling hungry.
The ball python misses you. The ball python barely misses you.
You see here an adder corpse.
You butcher the adder corpse.
The ball python bites you.
* * * LOW HITPOINT WARNING * * *
The ball python grabs you.
* * * LOW HITPOINT WARNING * * *
The ball python constricts you.
Things that are here:
a chunk of flesh; an adder skeleton You hit the ball python but do no damage.
You grab the ball python.
You constrict the ball python, but do no damage.
The ball python barely misses you.
* * * LOW HITPOINT WARNING * * *
The ball python constricts you.
You barely miss the ball python. You constrict the ball python.
The ball python bites you.
You die...

#(.##.# #..##.###
#.......#
#...[...###########
#.................#
##..###.#########.#
#....##(...# #.#
#.....####.# #.#
#..##@.## .# ##.##
#.##S)..##.# ##...##
###..##..######.....##
#....##..##.....[....
#..##..##..####.....##
#..# ... #..# ##...###
#..# ##.. #..##...###.
#..#


#gb #..##...... ##. .## .##....... You could see a ball python.

Vanquished Creatures
  An adder (D:2)
  A worm (D:2)
  A dart slug (D:1)
  3 ball pythons
  4 bats
  5 goblins
  3 jackals (D:1)
  4 frilled lizards
  2 kobolds (D:1)
  3 rats (D:1)
27 creatures vanquished.

Notes
Turn   | Place    | Note
-------+----------+-------------------------------------------
     0 | D:1      | Mobile the Octopode Wizard began the quest for the Orb.
     0 | D:1      | Reached XP level 1. HP: 11/11 MP: 4/4
   317 | D:1      | Reached skill level 1 in Fighting
   326 | D:1      | Reached XP level 2. HP: 4/18 MP: 6/6
  1232 | D:2      | Reached XP level 3. HP: 19/25 MP: 7/7
  1696 | D:2      | HP: 1/26 [ball python (1)]
  1697 | D:2      | Slain by a ball python

Levels and vault maps discovered:
D:1:      ebering_hopf_link, layout_basic
D:2:      minmay_alternating_diamond, layout_loops_ring,
          grunt_temple_overflow_forces_of_nature

Skill      XL: |  1  2  3 |
---------------+----------+-----
Fighting       | 1 2 3 |  3.1
Dodging        | |  2.0
Stealth        | |  2.6
Spellcasting   | |  3.0
Conjurations   | |  1.0
Summonings     | |  1.0
Translocations | |  1.0

Action                   || total
-------------------------++-------
Melee: Club              ||    83
       Constrict         ||    20
       Tentacles         ||     9
       Unarmed           ||     2
  Use: Potion            ||     2
 Stab: Sleeping          ||     7
  Eat: Chunk             ||     2
Armor: Skin              ||    20
Dodge: Dodged            ||    73

Table legend:
 A = Non-vault XP
 B = Vault XP
 C = Vault XP percentage of total XP
 D = Non-vault monster count
 E = Vault monster count
 F = Vault count percentage of total count
                 A         B        C        D         E       F
            +---------+---------+-------+---------+---------+-------
      Total |      44 |      17 |  27.9 |      24 |       3 |  11.1
            +---------+---------+-------+---------+---------+-------
        D:1 |      30 |       0 |   0.0 |      18 |       0 |   0.0
        D:2 |      14 |      17 |  54.8 |       6 |       3 |  33.3
            +---------+---------+-------+---------+---------+-------
